[ AOE2 MATCH · #469579454 ]
UnrankedBritons vs Incas
Player's team · WIN
Rival team · LOSS
[ REPLAY ANALYSIS · EXTRACTED FROM THE RECORDED GAME ]
Feudal
9:40
Castle
20:17
Imperial
—
| APM avg | 33.6 |
| APM peak | 70 |
| eAPM avg | 17.4 |
| Villagers / military | 61 / 34 |
Focus
⚔️ 34.2% · 🌾 65.8%
Archer ×22 · Knight ×7 · Militia ×3 · Monk ×2
Feudal
10:59
Castle
20:54
Imperial
—
| APM avg | 42.1 |
| APM peak | 84 |
| eAPM avg | 21.2 |
| Villagers / military | 48 / 3 |
Focus
⚔️ 45.9% · 🌾 54.1%
Unknown (2550) ×16 · Monk ×3
Match map
Initial resources + every placement click. Lines = walls · curves = elevation contours. ◆ gold · ⬟ stone · ● berries · ✦ relic · ◌ wall gap
Inputs per minute
— Pleb Guardiola - - DK_Exmerior
Build order — Pleb Guardiola
First 150 of 177 actions detected
| 0:00 | Create | Villager (Male) |
| 0:01 | Create | Villager (Male) |
| 0:01 | Create | Villager (Male) |
| 0:01 | Create | Villager (Male) |
| 0:02 | Build | House |
| 0:04 | Build | House |
| 1:18 | Create | Villager (Male) |
| 1:42 | Create | Villager (Male) |
| 2:12 | Build | Lumber Camp |
| 2:16 | Create | Villager (Male) |
| 2:28 | Create | Villager (Male) |
| 2:44 | Create | Villager (Male) |
| 3:00 | Create | Villager (Male) |
| 3:17 | Create | Villager (Male) |
| 3:58 | Create | Villager (Male) |
| 3:59 | Create | Villager (Male) |
| 4:08 | Build | House |
| 4:26 | Create | Villager (Male) |
| 4:26 | Create | Villager (Male) |
| 4:36 | Build | Mill |
| 5:02 | Create | Villager (Male) |
| 5:02 | Create | Villager (Male) |
| 5:54 | Build | House |
| 6:27 | Build | Barracks |
| 6:37 | Research | Loom |
| 7:19 | Research | Feudal Age |
| 7:22 | Build | Mining Camp |
| 7:35 | Create | Militia |
| 7:37 | Create | Militia |
| 8:14 | Build | Palisade Wall |
| 8:15 | Build | Palisade Wall |
| 8:20 | Build | Palisade Wall |
| 8:22 | Build | House |
| 8:24 | Build | Palisade Wall |
| 8:25 | Build | Palisade Wall |
| 8:25 | Build | Palisade Wall |
| 8:29 | Build | Palisade Wall |
| 8:31 | Build | Palisade Wall |
| 8:33 | Build | Palisade Wall |
| 8:33 | Build | Palisade Wall |
| 8:39 | Create | Militia |
| 9:40 | Age | Feudal Age |
| 9:43 | Create | Villager (Male) |
| 9:49 | Research | Man-at-Arms (upgrade) |
| 9:58 | Create | Villager (Male) |
| 10:18 | Create | Villager (Male) |
| 10:23 | Create | Villager (Male) |
| 10:23 | Create | Villager (Male) |
| 10:41 | Create | Villager (Male) |
| 10:47 | Build | Archery Range |
| 11:07 | Create | Villager (Male) |
| 11:21 | Create | Archer |
| 11:21 | Create | Archer |
| 11:24 | Create | Villager (Male) |
| 11:28 | Build | House |
| 11:33 | Build | Palisade Gate |
| 11:37 | Research | Town Watch |
| 11:46 | Build | Watch Tower |
| 11:50 | Create | Villager (Male) |
| 11:54 | Create | Archer |
| 12:00 | Research | Double-Bit Axe |
| 12:04 | Build | Blacksmith |
| 12:24 | Research | Horse Collar |
| 12:27 | Create | Villager (Male) |
| 12:28 | Create | Archer |
| 12:33 | Build | House |
| 12:46 | Research | Fletching |
| 13:09 | Create | Villager (Male) |
| 13:17 | Create | Archer |
| 13:26 | Build | Palisade Gate |
| 13:42 | Create | Villager (Male) |
| 13:49 | Create | Archer |
| 13:58 | Create | Villager (Male) |
| 14:36 | Create | Villager (Male) |
| 14:48 | Create | Villager (Male) |
| 14:58 | Create | Archer |
| 15:02 | Build | Farm |
| 15:05 | Build | House |
| 15:06 | Build | Farm |
| 15:28 | Create | Villager (Male) |
| 15:32 | Build | House |
| 15:37 | Build | Farm |
| 15:38 | Build | Farm |
| 15:39 | Build | Farm |
| 15:41 | Build | Farm |
| 15:42 | Create | Archer |
| 15:44 | Build | Farm |
| 16:04 | Create | Archer |
| 16:05 | Create | Archer |
| 16:08 | Create | Villager (Male) |
| 16:08 | Create | Villager (Male) |
| 16:08 | Create | Villager (Male) |
| 16:35 | Create | Archer |
| 16:43 | Build | Farm |
| 16:45 | Build | House |
| 16:53 | Build | House |
| 17:09 | Build | Stable |
| 17:37 | Research | Castle Age |
| 18:17 | Create | Villager (Male) |
| 18:21 | Research | Scale Barding Armor |
| 18:27 | Build | Farm |
| 18:30 | Create | Archer |
| 18:58 | Create | Archer |
| 19:23 | Create | Archer |
| 19:26 | Research | Forging |
| 19:34 | Build | Lumber Camp |
| 19:37 | Build | Farm |
| 19:39 | Build | Farm |
| 19:42 | Build | Farm |
| 19:44 | Build | Farm |
| 19:52 | Create | Archer |
| 20:17 | Age | Castle Age |
| 20:19 | Research | Bodkin Arrow |
| 20:20 | Research | Crossbowman (upgrade) |
| 20:23 | Create | Knight |
| 20:41 | Build | Town Center |
| 20:42 | Create | Villager (Male) |
| 20:52 | Create | Knight |
| 20:54 | Create | Villager (Male) |
| 20:59 | Build | Farm |
| 21:02 | Build | Farm |
| 21:09 | Create | Villager (Male) |
| 21:28 | Research | Bow Saw |
| 21:43 | Build | Monastery |
| 22:18 | Create | Villager (Male) |
| 22:20 | Create | Knight |
| 22:36 | Create | Villager (Male) |
| 22:36 | Create | Villager (Male) |
| 22:41 | Build | Farm |
| 22:42 | Build | Farm |
| 22:45 | Create | Monk |
| 22:51 | Build | House |
| 22:58 | Create | Knight |
| 22:59 | Create | Archer |
| 23:09 | Create | Villager (Male) |
| 23:09 | Create | Villager (Male) |
| 23:12 | Build | Farm |
| 23:14 | Build | Farm |
| 23:18 | Create | Villager (Male) |
| 23:40 | Create | Villager (Male) |
| 23:45 | Create | Archer |
| 23:53 | Build | Stable |
| 23:54 | Create | Villager (Male) |
| 23:55 | Create | Archer |
| 24:00 | Create | Knight |
| 24:07 | Create | Villager (Male) |
| 24:08 | Create | Villager (Male) |
| 24:13 | Build | Farm |
| 24:14 | Build | Farm |
| 24:17 | Build | Farm |
Build order — DK_Exmerior
140 actions detected in the replay
| 0:00 | Create | Villager (Male) |
| 0:01 | Create | Villager (Male) |
| 0:01 | Create | Villager (Male) |
| 0:02 | Build | House |
| 0:04 | Build | House |
| 0:17 | Create | Villager (Male) |
| 1:39 | Create | Villager (Male) |
| 1:56 | Build | Settlement |
| 1:57 | Create | Villager (Male) |
| 2:22 | Create | Villager (Male) |
| 2:22 | Create | Villager (Male) |
| 2:45 | Create | Villager (Male) |
| 2:45 | Create | Villager (Male) |
| 3:17 | Create | Villager (Male) |
| 3:45 | Create | Villager (Male) |
| 4:12 | Create | Villager (Male) |
| 4:13 | Create | Villager (Male) |
| 4:14 | Create | Villager (Male) |
| 5:26 | Build | Settlement |
| 5:29 | Create | Villager (Male) |
| 5:53 | Create | Villager (Male) |
| 6:14 | Create | Villager (Male) |
| 6:24 | Create | Villager (Male) |
| 6:24 | Create | Villager (Male) |
| 6:52 | Create | Villager (Male) |
| 7:37 | Create | Villager (Male) |
| 7:40 | Create | Villager (Male) |
| 8:20 | Research | Feudal Age |
| 9:37 | Build | Farm |
| 9:44 | Research | Loom |
| 10:10 | Build | Barracks |
| 10:49 | Build | House |
| 10:59 | Age | Feudal Age |
| 11:00 | Build | Palisade Wall |
| 11:01 | Build | Palisade Wall |
| 11:10 | Build | Palisade Wall |
| 11:25 | Create | Villager (Male) |
| 11:25 | Create | Villager (Male) |
| 11:27 | Build | Farm |
| 11:29 | Build | Farm |
| 11:38 | Build | Blacksmith |
| 11:41 | Build | Market |
| 11:59 | Build | Farm |
| 12:18 | Create | Villager (Male) |
| 12:20 | Build | Farm |
| 12:38 | Build | Watch Tower |
| 12:45 | Create | Villager (Male) |
| 12:49 | Build | Farm |
| 13:01 | Build | Palisade Wall |
| 13:14 | Create | Villager (Male) |
| 13:14 | Create | Villager (Male) |
| 13:18 | Build | Farm |
| 13:20 | Build | Farm |
| 13:28 | Build | Palisade Wall |
| 13:29 | Build | Palisade Wall |
| 13:57 | Create | Villager (Male) |
| 14:14 | Create | Villager (Male) |
| 14:21 | Build | Farm |
| 14:38 | Create | Villager (Male) |
| 14:51 | Build | Archery Range |
| 15:17 | Create | Villager (Male) |
| 15:17 | Create | Villager (Male) |
| 15:44 | Create | Unit 2550 |
| 15:45 | Create | Villager (Male) |
| 16:01 | Create | Villager (Male) |
| 16:03 | Build | Farm |
| 16:39 | Build | House |
| 16:40 | Build | Palisade Wall |
| 16:40 | Build | Palisade Wall |
| 16:40 | Build | Palisade Wall |
| 16:43 | Create | Villager (Male) |
| 16:53 | Create | Villager (Male) |
| 16:54 | Build | Farm |
| 16:57 | Build | Farm |
| 17:00 | Build | Farm |
| 17:02 | Build | Farm |
| 17:06 | Build | Farm |
| 17:34 | Build | Farm |
| 17:43 | Create | Villager (Male) |
| 18:13 | Research | Castle Age |
| 18:13 | Research | Castle Age |
| 18:30 | Build | Farm |
| 18:35 | Research | Horse Collar |
| 18:46 | Build | Barracks |
| 19:00 | Research | Double-Bit Axe |
| 19:20 | Create | Unit 2550 |
| 19:20 | Create | Unit 2550 |
| 19:28 | Research | Tech 1402 |
| 19:33 | Build | Farm |
| 19:39 | Research | Gold Mining |
| 19:48 | Create | Unit 2550 |
| 20:03 | Create | Unit 2550 |
| 20:21 | Research | Scale Mail Armor |
| 20:39 | Create | Unit 2550 |
| 20:54 | Age | Castle Age |
| 20:59 | Research | Tech 1351 |
| 21:07 | Create | Villager (Male) |
| 21:08 | Create | Villager (Male) |
| 21:16 | Build | Farm |
| 21:19 | Build | Farm |
| 21:23 | Create | Unit 2550 |
| 21:31 | Create | Unit 2550 |
| 21:43 | Build | Siege Workshop |
| 21:44 | Create | Villager (Male) |
| 22:05 | Create | Unit 2550 |
| 22:28 | Create | Unit 2550 |
| 22:42 | Research | Forging |
| 22:56 | Build | Farm |
| 23:00 | Build | Farm |
| 23:19 | Create | Villager (Male) |
| 23:48 | Create | Villager (Male) |
| 23:53 | Build | Monastery |
| 24:02 | Build | Palisade Wall |
| 24:05 | Build | Palisade Wall |
| 24:12 | Build | Palisade Wall |
| 24:13 | Build | Palisade Wall |
| 24:19 | Create | Villager (Male) |
| 24:26 | Build | Farm |
| 24:27 | Build | Farm |
| 24:28 | Build | Farm |
| 24:32 | Build | Farm |
| 24:35 | Build | Farm |
| 24:38 | Build | Palisade Gate |
| 24:42 | Build | House |
| 24:44 | Create | Monk |
| 24:51 | Research | Bow Saw |
| 24:54 | Research | Heavy Plow |
| 24:55 | Create | Villager (Male) |
| 25:27 | Create | Monk |
| 25:43 | Create | Monk |
| 25:51 | Create | Villager (Male) |
| 25:55 | Create | Villager (Male) |
| 26:01 | Create | Unit 2550 |
| 26:01 | Create | Unit 2550 |
| 26:06 | Build | Settlement |
| 26:13 | Research | Wheelbarrow |
| 26:39 | Create | Unit 2550 |
| 26:39 | Create | Unit 2550 |
| 26:52 | Create | Unit 2550 |
| 26:52 | Create | Unit 2550 |
Match timeline
| 6:27 | Pleb Guardiola · first_building Barracks |
| 8:14 | Pleb Guardiola · wall_segment Palisade Wall x1 |
| 8:15 | Pleb Guardiola · wall_segment Palisade Wall x1 |
| 8:20 | Pleb Guardiola · wall_segment Palisade Wall x5 |
| 8:24 | Pleb Guardiola · wall_segment Palisade Wall x1 |
| 8:25 | Pleb Guardiola · wall_segment Palisade Wall x1 |
| 8:25 | Pleb Guardiola · wall_segment Palisade Wall x1 |
| 8:29 | Pleb Guardiola · wall_segment Palisade Wall x1 |
| 8:31 | Pleb Guardiola · wall_segment Palisade Wall x1 |
| 8:33 | Pleb Guardiola · wall_segment Palisade Wall x1 |
| 8:33 | Pleb Guardiola · wall_segment Palisade Wall x1 |
| 9:40 | Pleb Guardiola · age_up feudal |
| 10:10 | DK_Exmerior · first_building Barracks |
| 10:47 | Pleb Guardiola · first_building Archery Range |
| 10:59 | DK_Exmerior · age_up feudal |
| 11:00 | DK_Exmerior · wall_segment Palisade Wall x1 |
| 11:01 | DK_Exmerior · wall_segment Palisade Wall x1 |
| 11:10 | DK_Exmerior · wall_segment Palisade Wall x1 |
| 13:01 | DK_Exmerior · wall_segment Palisade Wall x1 |
| 13:28 | DK_Exmerior · wall_segment Palisade Wall x1 |
| 13:29 | DK_Exmerior · wall_segment Palisade Wall x1 |
| 14:51 | DK_Exmerior · first_building Archery Range |
| 16:40 | DK_Exmerior · wall_segment Palisade Wall x1 |
| 16:40 | DK_Exmerior · wall_segment Palisade Wall x1 |
| 16:40 | DK_Exmerior · wall_segment Palisade Wall x1 |
| 17:09 | Pleb Guardiola · first_building Stable |
| 18:06 | DK_Exmerior · first_market_sell 100 wood |
| 20:17 | Pleb Guardiola · age_up castle |
| 20:54 | DK_Exmerior · age_up castle |
| 20:54 | DK_Exmerior · first_market_buy 100 food |
| 21:43 | DK_Exmerior · first_building Siege Workshop |
| 21:43 | Pleb Guardiola · first_building Monastery |
| 23:53 | DK_Exmerior · first_building Monastery |
| 24:02 | DK_Exmerior · wall_segment Palisade Wall x1 |
| 24:05 | DK_Exmerior · wall_segment Palisade Wall x1 |
| 24:12 | DK_Exmerior · wall_segment Palisade Wall x1 |
| 24:13 | DK_Exmerior · wall_segment Palisade Wall x1 |
| 27:20 | DK_Exmerior · resign |
[ AI ANALYSIS · 1 CREDIT ]
What really happened in this match?
Wolo.gg analyzes every decision: build order, eco, micro, common mistakes by bracket. Personalized analysis on WhatsApp or Discord in 30 seconds.
Civ guide
Britons
Perfil
Jugador #239345